 Dungeon Sprint DCSS version 0.22-a0-379-ga9d99d6 (webtiles) character file.

90 emperorscorpion the Shield-Bearer (level 4, -2/40 HPs)
             Began as a Formicid Fighter on Apr 29, 2018.
             Slain by an iguana (6 damage)
             ... in the Dungeon (Sprint IX: "|||||||||||||||||||||||||||||").
             The game lasted 00:00:36 (102 turns).

emperorscorpion the Shield-Bearer (Formicid Fighter) Turns: 102, Time: 00:00:37

Health: -2/40      AC:  7    Str: 21    XL:     4   Next: 85%
Magic:  4/4        EV:  9    Int:  7    God:
Gold:   0          SH: 10    Dex: 11    Spells: 3/3 levels left

rFire    . . .     SeeInvis +   a - +0 trident
rCold    . . .     Gourm    .   c - +0 shield
rNeg     . . .     Faith    .   b - +0 scale mail
rPois    .         Spirit   .   (helmet unavailable)
rElec    .         Reflect  .   (no cloak)
rCorr    .         Harm     .   (no gloves)
MR       .....                  (no boots)
Stlth    ..........             (no amulet)
HPRegen  0.13/turn              (no ring)
MPRegen  0.09/turn              (no ring)

@: lethally poisoned (-2 -> -6)
A: permanent stasis, dig shafts and tunnels, four strong arms, antennae 3
a: Dig


You were in the Dungeon.
You were not hungry.

You visited 1 branch

Inventory:

Hand Weapons
 a - a +0 trident (weapon)
Armour
 b - a +0 scale mail (worn)
 c - a +0 shield (worn)
Scrolls
 k - a scroll of blinking
Potions
 d - a potion of might
 h - a potion of haste
 i - 2 potions of magic
 j - a potion of berserk rage
Comestibles
 f - a ration
 l - 9 chunks of flesh


   Skills:
 + Level 5.9 Fighting
 + Level 4.6 Polearms
 + Level 5.2 Armour
 + Level 0.6 Dodging
 + Level 6.4 Shields


You had 3 spell levels left.
You didn't know any spells.

Dungeon Overview and Level Annotations

Branches:
Dungeon (1/1)

Altars:


Innate Abilities, Weirdness & Mutations

You cannot be hasted, slowed, berserked, paralysed or teleported.
You can dig through walls and to a lower floor.
Your four strong arms can wield two-handed weapons with a shield.
You have a pair of large antennae on your head. (SInv)


Message History

You kill the shadow imp!
You hit the iguana.
The iguana is moderately wounded.
You feel sick. You block the iguana's attack.
You hit the iguana but do no damage.
The iguana is moderately wounded.
You feel sick. The iguana bites you.
* * * LOW HITPOINT WARNING * * *
You barely miss the iguana.
The iguana is moderately wounded.
You block the iguana's attack.
You barely miss the iguana.
The iguana is moderately wounded.
You feel sick. The iguana bites you.
* * * LOW HITPOINT WARNING * * *
Your stasis prevents you from going berserk.
You closely miss the iguana.
The iguana is moderately wounded.
The iguana bites you.
You die...

▓.▓
▓.▓
▓.▓
▓÷▓
▓.▓
▓.▓
▓.▓
▓.▓
▓@▓
▓l▓
▓.▓
▓.▓
▓.▓
▓.▓
▓.▓
▓+▓


You could see an iguana.

Vanquished Creatures
  A scorpion (D)
  A worker ant (D)
  A shadow imp (D)
  A dart slug (D)
  A bat skeleton (D)
  2 giant cockroaches (D)
  2 goblins (D)
9 creatures vanquished.

Notes
Turn   | Place    | Note
-------+----------+-------------------------------------------
     0 | D        | emperorscorpion the Formicid Fighter began the quest for the Orb.
     0 | D        | Reached XP level 1. HP: 18/18 MP: 1/1
    11 | D        | Reached skill level 4 in Shields
    18 | D        | Reached XP level 2. HP: 21/25 MP: 2/2
    67 | D        | Noticed a scorpion
    69 | D        | Reached skill level 5 in Shields
    69 | D        | Reached XP level 3. HP: 31/31 MP: 3/3
    85 | D        | Killed a scorpion
    85 | D        | Reached skill level 5 in Fighting
    85 | D        | Reached skill level 5 in Armour
    85 | D        | Reached skill level 6 in Shields
    85 | D        | Reached XP level 4. HP: 8/40 MP: 4/4
   102 | D        | Slain by an iguana

Vault maps used:
D:        linesprint

Skill      XL: |  1  2  3 |
---------------+----------+-----
Shields        | 4 5 6 |  6.4
Fighting       | 4 5 |  5.9
Polearms       | 3 4 |  4.6
Armour         | 4 5 |  5.2
Dodging        | |  0.6

Action                   |  1- 3 |  4- 6 || total
-------------------------+-------+-------++-------
Melee: Trident           |    38 |    16 ||    54
  Use: Potion            |     1 |     1 ||     2
Armor: Scale mail        |    13 |     5 ||    18
Dodge: Dodged            |     6 |     8 ||    14
Block: Shield            |    15 |     8 ||    23

Table legend:
 A = Spawn XP
 B = Non-spawn XP
 C = Spawn XP percentage of total XP
 D = Spawn monster count
 E = Non-spawn monster count
 F = Spawn count percentage of total count
 G = Total turns spent on level
                    A         B        C        D         E        F      G
               +---------+---------+-------+---------+---------+-------+---------
         Total |       0 |     129 |   0.0 |       0 |       9 |   0.0 |   102
               +---------+---------+-------+---------+---------+-------+---------
             D |       0 |     129 |   0.0 |       0 |       9 |   0.0 |   102
               +---------+---------+-------+---------+---------+-------+---------
